MLB
HOUSTON ASTROS @ COLORADO ROCKIES
07/06/2098
 
TOP OF THE 1ST
Houston Astros batting - Pitching for Colorado Rockies : RHP Matthew Hodge
Pitching: RHP Matthew Hodge
Batting: RHB Erik Ellsworth 0-0: Swinging Strike
0-1: DOUBLE (Flyball, 78XD, EV 94.4 MPH)
Batting: LHB Ricky Gomez 0-0: Ball
1-0: Called Strike
1-1: Ground out 1-3 (Groundball, 34S, EV 66.3 MPH)
Batting: LHB Alex Perez 0-0: Foul Ball, location: 2F
0-1: Ball
1-1: Foul Ball, location: 3FF
1-2: Strikes out swinging
Batting: RHB Jeff Cinnamon 0-0: Ball
1-0: Foul Ball, location: 5SF
1-1: Called Strike
1-2: Foul Ball, location: 2F
1-2: Strikes out swinging
Top of the 1st over - 0 runs, 1 hit, 0 errors, 1 left on base; Houston 0 - Colorado 0
BOTTOM OF THE 1ST
Colorado Rockies batting - Pitching for Houston Astros : RHP Larry Heinrich
Pitching: RHP Larry Heinrich
Batting: LHB Glenn Sewell 0-0: Ball
1-0: Foul Ball, location: 23F
1-1: Called Strike
1-2: SINGLE (Groundball, 6MD, EV 98.8 MPH)
Batting: RHB Mike Woodard 0-0: Ball
1-0: Ball
2-0: Fielders Choice at 2nd, 5-4 (Groundball, 56S, EV 86.9 MPH)
Batting: RHB Kosuke Sakai 0-0: Called Strike
0-1: Ball
1-1: Ball
2-1: Foul Ball, location: 2F
2-2: Strikes out swinging
Batting: LHB Jim Davis 0-0: SINGLE (Line Drive, 89S, EV 100.0 MPH)
Mike Woodard to second
Batting: LHB Jeremy Papish 0-0: Ground out 6-3 (Groundball, 6S, EV 64.4 MPH)
Bottom of the 1st over - 0 runs, 2 hits, 0 errors, 2 left on base; Houston 0 - Colorado 0
TOP OF THE 2ND
Houston Astros batting - Pitching for Colorado Rockies : RHP Matthew Hodge
Batting: RHB Kyle Stewart 0-0: Ball
1-0: Called Strike
1-1: Foul Ball, location: 7LMF
1-2: Ball
2-2: SINGLE (Line Drive, 4MD, EV 93.8 MPH)
Batting: RHB Frank Kelsay 0-0: Called Strike
0-1: Ball
1-1: Grounds into double play, 5-4-3 (Groundball, 56, EV 86.9 MPH)
Batting: LHB Aaron Bruckerhoff 0-0: Ground out 6-3 (Groundball, 6, EV 99.4 MPH)
Top of the 2nd over - 0 runs, 1 hit, 0 errors, 0 left on base; Houston 0 - Colorado 0
BOTTOM OF THE 2ND
Colorado Rockies batting - Pitching for Houston Astros : RHP Larry Heinrich
Batting: RHB Tony Thomas 0-0: Foul Ball, location: 9LMF
0-1: SINGLE (Line Drive, 56, EV 101.3 MPH)
Batting: LHB Carlos Parez 0-0: Foul Ball, location: 3SF
0-1: Called Strike
Tony Thomas steals 2nd base
0-2: Strikes out swinging
Batting: RHB John Stevens 0-0: Ball
Wild Pitch!
Tony Thomas to third
1-0: Ball
2-0: Ball
3-0: Base on Balls
Batting: LHB Jesus Pena 0-0: Ball
1-0: Fly out, F8 (Line Drive, 8RM, EV 98.8 MPH)
Runner from 3rd tags up, SCORES, throw by CF
Batting: LHB Glenn Sewell 0-0: Ball
1-0: Ball
2-0: Called Strike
2-1: Foul Ball, location: 3FF
2-2: Strikes out swinging
Bottom of the 2nd over - 1 run, 1 hit, 0 errors, 1 left on base; Houston 0 - Colorado 1
TOP OF THE 3RD
Houston Astros batting - Pitching for Colorado Rockies : RHP Matthew Hodge
Batting: LHB Roy Lazzaro 0-0: Ball
1-0: Ground out 6-3 (Groundball, 6, EV 105.0 MPH)
Batting: LHB Pat Mueller 0-0: Foul Ball, location: 3F
0-1: Swinging Strike
0-2: Ball
1-2: Ball
2-2: Strikes out swinging
Batting: RHB Erik Ellsworth 0-0: DOUBLE (Line Drive, 7LM, EV 104.4 MPH)
Batting: LHB Ricky Gomez 0-0: Ground out 4-3 (Groundball, 4, EV 88.8 MPH)
Top of the 3rd over - 0 runs, 1 hit, 0 errors, 1 left on base; Houston 0 - Colorado 1
BOTTOM OF THE 3RD
Colorado Rockies batting - Pitching for Houston Astros : RHP Larry Heinrich
Batting: RHB Mike Woodard 0-0: Foul Ball, location: 9LDF
0-1: Ball
1-1: SOLO HOME RUN (Flyball, 9LD, EV 98.8 MPH), Distance : 375 ft
Batting: RHB Kosuke Sakai 0-0: Foul Ball, location: 2F
0-1: Ball
1-1: Ball
2-1: Ground out 6-3 (Groundball, 6S, EV 89.4 MPH)
Batting: LHB Jim Davis 0-0: Called Strike
0-1: Swinging Strike
0-2: Strikes out swinging
Batting: LHB Jeremy Papish 0-0: Reached on error, E4 (Groundball, 34D, EV 104.4 MPH)
Batting: RHB Tony Thomas 0-0: Called Strike
0-1: Fielders Choice at 2nd, 6-4 (Groundball, 6, EV 103.1 MPH)
Bottom of the 3rd over - 1 run, 1 hit, 1 error, 1 left on base; Houston 0 - Colorado 2
TOP OF THE 4TH
Houston Astros batting - Pitching for Colorado Rockies : RHP Matthew Hodge
Batting: LHB Alex Perez 0-0: Foul Ball, location: 9LSF
0-1: Called Strike
0-2: Strikes out swinging
Batting: RHB Jeff Cinnamon 0-0: Ball
1-0: Foul Ball, location: 2F
1-1: Fly out, F8 (Flyball, 8LD, EV 82.5 MPH)
Batting: RHB Kyle Stewart 0-0: Called Strike
0-1: Foul Ball, location: 2F
0-2: Ball
1-2: Foul Ball, location: 23F
1-2: Foul Ball, location: 2F
1-2: Ball
2-2: Ball
3-2: Foul Ball, location: 25F
3-2: Base on Balls
Batting: RHB Frank Kelsay 0-0: Swinging Strike
0-1: Called Strike
0-2: Strikes out swinging
Top of the 4th over - 0 runs, 0 hits, 0 errors, 1 left on base; Houston 0 - Colorado 2
BOTTOM OF THE 4TH
Colorado Rockies batting - Pitching for Houston Astros : RHP Larry Heinrich
Batting: LHB Carlos Parez 0-0: Called Strike
0-1: Foul Ball, location: 9LSF
0-2: Ball
1-2: Fly out, F7 (Flyball, 7D, EV 85.6 MPH)
Batting: RHB John Stevens 0-0: Ground out 6-3 (Groundball, 6M, EV 96.9 MPH)
Batting: LHB Jesus Pena 0-0: Swinging Strike
0-1: Ball
1-1: SINGLE (Groundball, 4MD, EV 105.6 MPH)
Batting: LHB Glenn Sewell 0-0: Ball
1-0: Ball
2-0: Ball
3-0: Called Strike
3-1: Fly out, F6 (Popup, 6S, EV 75.0 MPH)
Bottom of the 4th over - 0 runs, 1 hit, 0 errors, 1 left on base; Houston 0 - Colorado 2
TOP OF THE 5TH
Houston Astros batting - Pitching for Colorado Rockies : RHP Matthew Hodge
Batting: LHB Aaron Bruckerhoff 0-0: Ball
1-0: Swinging Strike
1-1: Foul Ball, location: 2F
1-2: Ball
2-2: Strikes out swinging
Batting: LHB Roy Lazzaro 0-0: Ball
1-0: Swinging Strike
1-1: Foul Ball, location: 2F
1-2: Strikes out swinging
Batting: LHB Pat Mueller 0-0: Ball
1-0: Called Strike
1-1: Ball
2-1: Called Strike
2-2: Ground out U3 (Groundball, 23, EV 80.6 MPH)
Top of the 5th over - 0 runs, 0 hits, 0 errors, 0 left on base; Houston 0 - Colorado 2
BOTTOM OF THE 5TH
Colorado Rockies batting - Pitching for Houston Astros : RHP Larry Heinrich
Batting: RHB Mike Woodard 0-0: Swinging Strike
0-1: Foul Ball, location: 2F
0-2: Ball
1-2: Foul Ball, location: 9LDF
1-2: Foul Ball, location: 2F
1-2: Foul Ball, location: 2F
1-2: Foul Ball, location: 9LDF
1-2: Ball
2-2: SOLO HOME RUN (Flyball, 9LD, EV 99.4 MPH), Distance : 366 ft
Batting: RHB Kosuke Sakai 0-0: Ball
1-0: Ball
2-0: Called Strike
2-1: Foul Ball, location: 9LDF
2-2: Foul Ball, location: 25F
2-2: Ball
3-2: Base on Balls
Batting: LHB Jim Davis 0-0: Fly out, F9 (Flyball, 9LSF, EV 88.8 MPH)
Batting: LHB Jeremy Papish 0-0: Ball
1-0: Ball
2-0: DOUBLE (Flyball, 78D, EV 107.5 MPH)
Kosuke Sakai to third
Batting: RHB Tony Thomas 0-0: Ball
1-0: Called Strike
1-1: SINGLE (Groundball, 56D, EV 105.0 MPH)
Kosuke Sakai scores
Jeremy Papish to third
Batting: LHB Carlos Parez 0-0: Called Strike
0-1: Ball
1-1: Called Strike
1-2: Strikes out swinging
Batting: RHB John Stevens 0-0: Ball
1-0: Called Strike
1-1: Ball
2-1: Ball
3-1: Called Strike
3-2: Foul Ball, location: 2F
3-2: Base on Balls
Tony Thomas to second
Batting: LHB Jesus Pena 0-0: Ball
1-0: Ball
2-0: Swinging Strike
2-1: Foul Ball, location: 2F
2-2: Strikes out swinging
Bottom of the 5th over - 2 runs, 3 hits, 0 errors, 3 left on base; Houston 0 - Colorado 4
TOP OF THE 6TH
Houston Astros batting - Pitching for Colorado Rockies : RHP Matthew Hodge
Batting: RHB Erik Ellsworth 0-0: Foul Ball, location: 2LF
0-1: Ball
1-1: SINGLE (Groundball, 56D, EV 101.9 MPH)
Batting: LHB Ricky Gomez 0-0: Ball
1-0: Ball
2-0: Called Strike
2-1: Foul Ball, location: 7LSF
2-2: Strikes out swinging
Batting: LHB Alex Perez 0-0: Foul Ball, location: 5F
0-1: Foul Ball, location: 7LMF
0-2: Ball
1-2: Strikes out swinging
Batting: RHB Jeff Cinnamon 0-0: Ball
1-0: Called Strike
1-1: Swinging Strike
1-2: Foul Ball, location: 2RF
1-2: Strikes out swinging
Top of the 6th over - 0 runs, 1 hit, 0 errors, 1 left on base; Houston 0 - Colorado 4
BOTTOM OF THE 6TH
Colorado Rockies batting - Pitching for Houston Astros : RHP Larry Heinrich
Pitching: RHP Vince Geiger
Batting: LHB Glenn Sewell 0-0: Ground out 4-3 (Groundball, 4D, EV 94.4 MPH)
Batting: RHB Mike Woodard 0-0: SINGLE (Groundball, 6MS, EV 60.6 MPH) (infield hit)
Batting: RHB Kosuke Sakai 0-0: SINGLE (Line Drive, 4D, EV 97.5 MPH)
Mike Woodard to second
Runner from 2nd tries for 3rd, SAFE, no throw by RF
Batting: LHB Jim Davis 0-0: Ball
Kosuke Sakai steals 2nd base
1-0: Ground out 6-3 (Groundball, 6MD, EV 100.6 MPH)
Batting: LHB Jeremy Papish 0-0: Ball
1-0: Ball
2-0: Ball
3-0: Called Strike
3-1: SINGLE (Groundball, 34S, EV 65.6 MPH) (infield hit)
Mike Woodard scores
Kosuke Sakai to third
Batting: RHB Tony Thomas 0-0: Ball
1-0: Foul Ball, location: 9LSF
1-1: Called Strike
1-2: Strikes out swinging
Bottom of the 6th over - 1 run, 3 hits, 0 errors, 2 left on base; Houston 0 - Colorado 5
TOP OF THE 7TH
Houston Astros batting - Pitching for Colorado Rockies : RHP Matthew Hodge
Batting: RHB Kyle Stewart 0-0: Swinging Strike
0-1: DOUBLE (Line Drive, 89D, EV 108.8 MPH)
Batting: RHB Frank Kelsay 0-0: Ball
1-0: Foul Ball, location: 7LMF
1-1: Ball
2-1: Swinging Strike
2-2: Ball
3-2: Foul Ball, location: 23F
3-2: Fly out, F7 (Flyball, 7D, EV 103.8 MPH)
Pitching: RHP Danny Dudley
Batting: LHB Aaron Bruckerhoff 0-0: Ball
1-0: Swinging Strike
1-1: Called Strike
1-2: Strikes out swinging
Batting: LHB Roy Lazzaro 0-0: Ground out 1-3 (Groundball, 15S, EV 66.9 MPH)
Top of the 7th over - 0 runs, 1 hit, 0 errors, 1 left on base; Houston 0 - Colorado 5
BOTTOM OF THE 7TH
Colorado Rockies batting - Pitching for Houston Astros : RHP Vince Geiger
Batting: LHB Carlos Parez 0-0: Ball
1-0: DOUBLE (Line Drive, 8RXD, EV 103.1 MPH)
Batting: RHB John Stevens 0-0: Called Strike
0-1: Foul Ball, location: 23FF
0-2: Strikes out swinging
Batting: LHB Jesus Pena 0-0: Called Strike
0-1: SINGLE (Line Drive, 78M, EV 91.9 MPH)
Carlos Parez to third
Batting: LHB Glenn Sewell 0-0: Ball
1-0: Ball
2-0: Ball
3-0: Base on Balls
Jesus Pena to second
Batting: RHB Mike Woodard 0-0: GRAND SLAM HOME RUN (Line Drive, 8RXD, EV 113.1 MPH), Distance : 428 ft
Pitching: RHP Larry DeWolfe
Batting: RHB Kosuke Sakai 0-0: Ball
1-0: Ball
2-0: Foul Ball, location: 3DF
2-1: SINGLE (Groundball, 56D, EV 97.5 MPH)
Batting: LHB Jim Davis 0-0: Ball
1-0: Called Strike
1-1: Grounds into double play, 4-6-3 (Groundball, 4MD, EV 106.9 MPH)
Bottom of the 7th over - 4 runs, 4 hits, 0 errors, 0 left on base; Houston 0 - Colorado 9
TOP OF THE 8TH
Houston Astros batting - Pitching for Colorado Rockies : RHP Danny Dudley
Batting: LHB Pat Mueller 0-0: Ball
1-0: Ball
2-0: Fly out, F8 (Flyball, 8LXD, EV 111.3 MPH)
Batting: RHB Erik Ellsworth 0-0: Ball
1-0: Called Strike
1-1: Fly out, F7 (Flyball, 7, EV 86.9 MPH)
Batting: LHB Ricky Gomez 0-0: Ball
1-0: Foul Ball, location: 7LDF
1-1: Ball
2-1: Ball
3-1: Foul Ball, location: 3F
3-2: Strikes out looking
Top of the 8th over - 0 runs, 0 hits, 0 errors, 0 left on base; Houston 0 - Colorado 9
BOTTOM OF THE 8TH
Colorado Rockies batting - Pitching for Houston Astros : RHP Larry DeWolfe
Batting: LHB Jeremy Papish 0-0: SINGLE (Groundball, 34S, EV 75.6 MPH) (infield hit)
Batting: RHB Tony Thomas 0-0: 2-RUN HOME RUN (Flyball, 78XD, EV 100.0 MPH), Distance : 401 ft
Batting: LHB Carlos Parez 0-0: Ground out 6-3 (Groundball, 6, EV 81.9 MPH)
Batting: RHB John Stevens 0-0: Foul Ball, location: 2RF
0-1: Ball
1-1: Called Strike
1-2: Ball
2-2: Ball
3-2: Base on Balls
Batting: LHB Jesus Pena 0-0: Called Strike
0-1: Ball
1-1: Foul Ball, location: 3F
1-2: Strikes out looking
Batting: LHB Glenn Sewell 0-0: SINGLE (Line Drive, 78S, EV 85.6 MPH)
John Stevens to second
Batting: RHB Mike Woodard 0-0: Foul Ball, location: 5FF
0-1: Ball
1-1: Foul Ball, location: 2F
1-2: Ball
2-2: Ball
3-2: Ground out 5-3 (Groundball, 5S, EV 84.4 MPH)
Bottom of the 8th over - 2 runs, 3 hits, 0 errors, 2 left on base; Houston 0 - Colorado 11
TOP OF THE 9TH
Houston Astros batting - Pitching for Colorado Rockies : RHP Danny Dudley
Batting: LHB Alex Perez 0-0: DOUBLE (Line Drive, 9LM, EV 102.5 MPH)
Pinch Hitting: RHB Matt Carocci 0-0: Called Strike
0-1: Called Strike
0-2: Strikes out swinging
Pinch Hitting: LHB Steve Kuhlman 0-0: Ball
1-0: Foul Ball, location: 25FF
1-1: Ball
2-1: Called Strike
2-2: Strikes out swinging, 2-3 out at first.
Batting: RHB Frank Kelsay 0-0: Ball
Passed Ball!
Alex Perez to third
1-0: Fly out, F8 (Flyball, 78D, EV 77.5 MPH)
Top of the 9th over - 0 runs, 1 hit, 0 errors, 1 left on base; Houston 0 - Colorado 11
Tuesday, April 9th , 2024 - OOTP Baseball 24.11 Build 85